 Dungeon Crawl Stone Soup version 0.26-a0-651-gb41185065b (webtiles) character file.

Game seed: 14657249281139629394

(classic levelgen) 65 EnegeticOcto the Sneak (level 3, 32/34 HPs)
             Began as a Deep Dwarf Delver on Oct 24, 2020.
             Quit the game on level 7 of the Dungeon.
             The game lasted 00:00:13 (18 turns).

EnegeticOcto the Sneak (Deep Dwarf Delver)            Turns: 18, Time: 00:00:14

Health: 32/34      AC:  3    Str: 16    XL:     3   Next: 92%
Magic:  3/3        EV: 13    Int: 10    God:
Gold:   0          SH:  0    Dex: 14    Spells: 2/2 levels left

rFire    . . .     SeeInvis .   a - +0 hand axe
rCold    . . .     Faith    .   (no shield)
rNeg     . . .     Spirit   .   b - +0 leather armour
rPois    .         Reflect  .   (no helmet)
rElec    .         Harm     .   (no cloak)
rCorr    .         Rampage  .   (no gloves)
MR       .....                  (no boots)
Stlth    +++.......             (no amulet)
HPRegen  0.00/turn              (no ring)
MPRegen  0.08/turn              (no ring)

@: non-regenerating
A: damage resistance, heal wounds, sense surroundings 1, no regeneration
a: Heal Wounds


You were on level 7 of the Dungeon.
You visited 1 branch of the dungeon, and saw 3 of its levels.

Inventory:

Hand Weapons
 a - a +0 hand axe (weapon)
Armour
 b - a +0 leather armour (worn)
Wands
 g - a wand of digging (3) {@v3}
Scrolls
 c - a scroll of fog
 e - a scroll of fear
Potions
 f - a potion of haste {@q4}


   Skills:
 - Level 3.2 Fighting
 + Level 3.0 Axes
 - Level 3.0 Dodging
 - Level 6.5 Stealth


You had 2 spell levels left.
You didn't know any spells.
Your spell library was empty.

Dungeon Overview and Level Annotations

Branches:
Dungeon (7/15)             Temple (0/1) D:7

Altars:


Innate Abilities, Weirdness & Mutations

You are resistant to damage.
You can heal yourself by infusing magical energy.
You passively map a small area around you.
You do not regenerate.


Message History

Welcome, EnegeticOcto the Deep Dwarf Delver.
Will you be the one to retrieve the fabled Orb of Zot from the depths?
Press ? for a list of commands and other information.
Found 17 stones.
Found a stone staircase leading down.
You climb downwards.
A scorpion comes into view.
Found a stone staircase leading down.
There is a stone staircase leading up here.
There is a stone staircase leading down here.
You climb downwards.
A bullfrog comes into view.
There is a stone staircase leading up here.
The helpless bullfrog fails to defend itself.
You slash the bullfrog!
The bullfrog is moderately wounded.
The bullfrog barely misses you. The bullfrog closely misses you.
You slash the bullfrog!
The bullfrog is severely wounded.
The bullfrog closely misses you. x2
You hit the bullfrog but do no damage.
The bullfrog is severely wounded.
The bullfrog hits you.
The bullfrog hits you but does no damage.
You hit the bullfrog but do no damage.
The bullfrog is severely wounded.
The bullfrog barely misses you. The bullfrog closely misses you.
You barely miss the bullfrog.
The bullfrog is severely wounded.
The bullfrog barely misses you.
You closely miss the bullfrog.
The bullfrog is severely wounded.
The bullfrog hits you. The bullfrog completely misses you.
You hit the bullfrog.
The bullfrog is almost dead.
The bullfrog barely misses you. x2
You closely miss the bullfrog.
The bullfrog is almost dead.
The bullfrog closely misses you. x2
You hit the bullfrog.
You kill the bullfrog!
Your Fighting skill increases to level 3!
Your Axes skill increases to level 3!
Your Dodging skill increases to level 3!
You have reached level 2!
You have reached level 3!
Your experience leads to an increase in your attributes!
Increase (s)trength, (i)ntelligence, or (d)exterity?
You feel stronger.
As you read the scroll of magic mapping {@r5}, it crumbles to dust.
You feel aware of your surroundings.
Are you sure you want to abandon this character and quit the game? (Confirm with "yes".)

***** *,,,* *,,,* *,,,* *,,,*
*,,,* *,,,* *,,,***** *,,,*
*,,,**,,, *,,,* *,,,**,*,
*,,,******** ### *,,,**,*,
*,,,**,,,..########<#####.,,**,*,
,,,,,,,,,.......@..........,,,,,,
,,,,,,,,,.......###.#......,**,,,
*,,,**,,,..####.*,..#.##..#******
*,,,***,,,,* #.,,###,.*,.#******
*,,,* *,,,,* ##,,***,.#,,,,,,,,,
***** **********,,,,,*,#*,*******
********,,,,,,,,,,,*,*,**,* *
,,**,,,*,,,,,,,,,,,*,*,**,* *
*,**,,,*,,,,,,,,,,,*,*,**+*******


There were no monsters in sight!

Vanquished Creatures
  A bullfrog (D:7)
1 creature vanquished.

Notes
Turn   | Place    | Note
-------+----------+-------------------------------------------
     0 | D:5      | EnegeticOcto the Deep Dwarf Delver began the quest for the
                  | Orb.
     0 | D:5      | Reached XP level 1. HP: 20/20 MP: 1/1
     1 | D:6      | Noticed a scorpion
     4 | D:7      | Noticed a bullfrog
    16 | D:7      | Killed a bullfrog
    16 | D:7      | Reached XP level 2. HP: 26/28 MP: 2/2
    16 | D:7      | Reached XP level 3. HP: 32/34 MP: 3/3
    18 | D:7      | Quit the game

Illustrated notes

Levels and vault maps discovered:
D:5:      layout_cave_pools, lemuel_round_altar, nicolae_ru_awakened_eye,
          uniq_edmund, uniq_blork_the_orc
D:6:      minmay_angry_zag, layout_basic, kb_lookout_dungeons_type,
          kennysheep_okawaru_gauntlet
D:7:      layout_basic, temple_fountains

Skill      XL: |  1 |
---------------+----+-----
Fighting       | 3 |  3.2
Axes           | 3 |  3.0
Dodging        | 3 |  3.0
Stealth        | |  6.5

Action                   || total
-------------------------++-------
Melee: Hand axe          ||     9
  Use: Scroll            ||     1
 Stab: Sleeping          ||     1
Armor: Leather armour    ||     1
Dodge: Dodged            ||    12

Table legend: (Time is in decaauts)
 A = Elapsed time spent in this place.
 B = Non-inter-level travel time spent in this place.
 C = Inter-level travel time spent in this place.
 D = Time resting spent in this place.
 E = Time spent auto-exploring this place.
 F = Levels seen in this place.
 G = Mean time per level.
                   A        B        C        D        E       F      G
               +--------+--------+--------+--------+--------+-----+--------+
         Total |     19 |     19 |      0 |      0 |      0 |   3 |    6.3 |
       Dungeon |     19 |     19 |      0 |      0 |      0 |   3 |    6.3 |
               +--------+--------+--------+--------+--------+-----+--------+

Top non-repeatable levels by time:
     D:7: 15 daAuts
     D:6: 2 daAuts
     D:5: 1 daAuts
